 Dungeon Crawl Stone Soup version 0.28-a0-1486-g8196b01e9b (webtiles) character file.

Game seed: 11583761420087495122

4799 Essalna the Spear-Bearer (level 10, -4/85 HPs)
             Began as a Merfolk Gladiator on Jan 12, 2022.
             Was an Initiate of Yredelemnul.
             Slain by an orc knight (19 damage)
             ... in a bailey.
             The game lasted 00:21:38 (8516 turns).

Essalna the Spear-Bearer (Merfolk Gladiator)        Turns: 8516, Time: 00:21:39

Health: -4/85      AC: 10    Str: 14    XL:     10   Next: 48%
Magic:  0/10       EV: 16    Int: 18    God:    Yredelemnul [......]
Gold:   1334       SH:  0    Dex: 16    Spells: 9/9 levels left

rFire   + . .      SeeInvis .   p - +1 halberd (freeze)
rCold   . . .      Faith    .   (shield currently unavailable)
rNeg    . . .      Spirit   +   q - +2 ring mail {rPois}
rPois   +          Reflect  .   c - +1 helmet
rElec   .          Harm     .   u - +0 cloak
rCorr   .          Rampage  .   (no gloves)
Will    .....                   (no boots)
Stlth   +.........              g - amulet of guardian spirit
HPRegen 0.24/turn               e - +6 ring of intelligence
MPRegen 0.12/turn               n - ring of protection from fire

@: no status effects
A: (nimble swimmer 2), mertail
a: Renounce Religion, Recall Undead Harvest


You were in a bailey.
You worshipped Yredelemnul.
Yredelemnul was noncommittal.
You visited 2 branches of the dungeon, and saw 10 of its levels.
You also visited: Bailey.

You collected 1334 gold pieces.

Inventory:

Hand Weapons
 a - a +0 trident
 p - a +1 halberd of freezing (weapon)
Armour
 b - a +0 leather armour
 c - a +1 helmet (worn)
 q - a +2 ring mail of poison resistance (worn)
 u - a +0 cloak (worn)
Jewellery
 e - a +6 ring of intelligence (left hand)
 g - an amulet of guardian spirit (around neck)
 i - a ring of ice
 n - a ring of protection from fire (right hand)
Scrolls
 d - 2 scrolls of blinking
 f - 4 scrolls of teleportation
 j - 8 scrolls of identify
 o - a scroll of magic mapping
 r - 3 scrolls of fog {unknown}
 w - a scroll of enchant armour
Potions
 h - 3 potions of heal wounds
 k - 3 potions of ambrosia {unknown}
 l - a potion of lignification {unknown}
 s - 3 potions of mutation {unknown}
 t - a potion of curing
 v - a potion of cancellation {unknown}


   Skills:
 + Level 9.8 Fighting
 + Level 13.0 Polearms
 - Level 2.0 Throwing
 + Level 12.0 Dodging


You had 9 spell levels left.
You didn't know any spells.
Your spell library contained the following spells:

 Spells                   Type           Power      Damage    Failure   Level
 Magic Dart               Conj           0%         1d3       41%         1
 Shock                    Conj/Air       0%         1d3       41%         1
 Sting                    Tmut/Pois      0%         1d3       41%         1
 Call Imp                 Summ           0%         N/A       56%         2
 Poisonous Vapours        Pois/Air       0%         N/A       56%         2
 Gell's Gravitas          Tloc           0%         N/A       80%         3
 Mephitic Cloud           Conj/Pois/Air  0%         N/A       80%         3
 Portal Projectile        Hex/Tloc       0%         N/A       80%         3
 Swiftness                Air            0%         N/A       80%         3
 Teleport Other           Tloc           0%         N/A       80%         3
 Airstrike                Air            0%         N/A       99%         4
 Olgreb's Toxic Radiance  Pois           0%         N/A       99%         4
 Blade Hands              Tmut           0%         N/A       100%        5
 Excruciating Wounds      Necr           0%         N/A       100%        5
 Dispersal                Tloc           0%         N/A       100%        6


Dungeon Overview and Level Annotations

Branches:
Dungeon (9/15)             Temple (1/1) D:4            Lair (0/6) D:9
 Bailey (1/1)
    Orc: D:9-12

Altars:
Fedhas
Kikubaaqudgha
Makhleb
Uskayaw
Vehumet
Wu Jian
Yredelemnul
Zin

Shops:
D:6 (

Annotations:
D:3 2 transporters, generaletaddeo's ghost, amateur GnAM


Innate Abilities, Weirdness & Mutations

((You are very nimble when in or above water. (Stealth+, EV+, Speed+++)))
Your lower body shifts to a powerful aquatic tail in water.


Message History

The orc knight is heavily wounded.
The orc warrior looks more healthy.
The orc knight misses you.
Reach: p) +1 halberd (freeze)
Press: ? - help, Dir - move target, f/p - orc knight
Aim: an orc knight, wielding a +0 war axe and wearing a +0 scale mail (heavily wounded, about 40% to evade your +1 halberd of freezing)
You puncture the orc knight! You freeze the orc knight.
The orc knight is severely wounded.
Reach: p) +1 halberd (freeze)
Press: ? - help, Dir - move target, f/p - orc knight
Aim: an orc knight, wielding a +0 war axe and wearing a +0 scale mail (severely wounded, about 40% to evade your +1 halberd of freezing)
You hit the orc knight but do no damage.
The orc knight is severely wounded.
The orc knight hits you with a +0 war axe!
Reach: p) +1 halberd (freeze)
Press: ? - help, Dir - move target, f/p - orc knight
Aim: an orc knight, wielding a +0 war axe and wearing a +0 scale mail (severely wounded, about 40% to evade your +1 halberd of freezing)
You closely miss the orc knight.
The orc knight is severely wounded.
The orc warrior is no longer moving slowly.
The orc knight hits you with a +0 war axe!
* * * LOW HITPOINT WARNING * * *
The orc warrior closely misses you.
Reach: p) +1 halberd (freeze)
Press: ? - help, Dir - move target, f - orc warrior, p - orc knight
Aim: an orc warrior, wielding a +0 hand axe and wearing a +0 ring mail (almost dead, strong, about 40% to evade your +1 halberd of freezing)
You puncture the orc warrior! You freeze the orc warrior.
You kill the orc warrior!
A black mist starts to gather...
The orc knight hits you with a +0 war axe!
* * * LOW HITPOINT WARNING * * *
The orc knight hits your orc warrior zombie with a +0 war axe!
Your Dodging skill increases to level 12!
Reach: p) +1 halberd (freeze)
Press: ? - help, Dir - move target, f - orc knight
Aim: an orc knight, wielding a +0 war axe and wearing a +0 scale mail (severely wounded, ally target, about 40% to evade your +1 halberd of freezing)
You hit the orc knight but do no damage.
The orc knight is severely wounded.
The orc knight hits you with a +0 war axe!!
You die...
Your body rises from the dead as a mindless zombie.

+....)....)).)....#
##.......##.......##
#.......#.).......#
##.....##.........##
#######.....⌠.....#
##.........##
#.........#
##.......##
#...Z@..# ##...o)##
####)## ##..)).##
#.......# .
##.......## .
#.........# .
##.........## .
###+###.....⌠.....#


You could see an orc knight (ally target) and a friendly orc warrior zombie.

Vanquished Creatures
  A manticore (D:7)
  A slime creature (D:7)
  Sigmund (D:5)
  A steam dragon (D:9)
  A vampire mosquito (D:7)
  2 water moccasins (D:7)
  A black bear (D:6)
  2 ice beasts
  9 orc warriors
  2 ogres
  4 necrophages
  4 centaurs
  A kobold brigand (D:7)
  Blork the orc (D:4)
  A wyvern zombie (D:5)
  2 bullfrogs
  2 scorpions (D:7)
  A water moccasin zombie (D:5)
  A killer bee (D:7)
  2 howler monkeys (D:7)
  2 centaur zombies
  A gnoll shaman (D:5)
  3 jellies
  3 orc priests
  2 hounds (D:5)
  2 bullfrog skeletons
  An iguana (D:5)
  2 orc wizards
  A hound zombie (D:5)
  A hound skeleton (D:3)
  5 gnolls
  A howler monkey skeleton (D:5)
  6 adders
  A shadow imp (D:6)
  An ufetubus (D:5)
  A worm (D:2)
  2 dart slugs
  19 orcs
  9 bats
  3 endoplasms
  3 giant cockroaches
  17 goblins
  14 hobgoblins
  9 jackals
  6 kobolds
  3 quokkas
  9 ball pythons
  3 frilled lizards
  7 rats
177 creatures vanquished.

Vanquished Creatures (collateral kills)
  A necrophage (D:4)
  A centaur (D:6)
  A centaur zombie (D:6)
  Crazy Yiuf (D:7)
  A centaur skeleton (D:6)
  An orc wizard (D:7)
  A hound zombie (D:5)
  2 gnolls (Bailey)
  An adder (D:6)
  2 orcs (D:3)
  2 goblins
  A hobgoblin (Bailey)
15 creatures vanquished.

Vanquished Creatures (others)
  A water moccasin zombie (D:7)
  A spectral ice beast (D:7)
  A bullfrog zombie (D:6)
  A centaur zombie (D:6)
  An orc wizard (D:6)
  2 scorpion zombies (D:7)
  A necrophage zombie (D:6)
  A howler monkey zombie (D:7)
  A spectral jelly (D:7)
  An adder zombie (D:6)
  4 gnoll zombies
  An iguana zombie (D:5)
  5 goblin zombies (Bailey)
  A hobgoblin zombie (Bailey)
  9 orc zombies
31 creatures vanquished.

Grand Total: 223 creatures vanquished

Notes
Turn   | Place    | Note
-------+----------+-------------------------------------------
     0 | D:1      | Essalna the Merfolk Gladiator began the quest for the Orb.
     0 | D:1      | Reached XP level 1. HP: 16/16 MP: 1/1
   300 | D:1      | Reached XP level 2. HP: 21/23 MP: 2/2
   683 | D:1      | Reached skill level 5 in Polearms
   733 | D:1      | Found a faded altar of an unknown god.
   757 | D:1      | Reached XP level 3. HP: 26/28 MP: 3/3
  1480 | D:2      | Reached XP level 4. HP: 35/35 MP: 4/4
  1620 | D:2      | Reached skill level 5 in Dodging
  2172 | D:3      | Noticed an ogre
  2182 | D:3      | Killed an ogre
  2183 | D:3      | Reached skill level 6 in Polearms
  2183 | D:3      | Reached XP level 5. HP: 35/42 MP: 5/5
  2278 | D:3      | Found a transporter.
  2355 | D:3      | Noticed a necrophage
  2370 | D:3      | Killed a necrophage
  2371 | D:3      | Reached XP level 6. HP: 46/49 MP: 6/6
  2452 | D:3      | Found a transporter.
  2454 | D:3      | Noticed generaletaddeo's ghost (amateur GnAM)
  3077 | D:3      | Reached skill level 7 in Polearms
  3206 | D:3      | You fall into a shaft and drop 1 floor!
  3230 | D:4      | Found a staircase to the Ecumenical Temple.
  3238 | Temple   | Entered the Ecumenical Temple
  3253 | Temple   | Became a worshipper of Yredelemnul the Dark
  3380 | D:4      | Noticed a necrophage
  3391 | D:4      | Killed a necrophage
  3392 | D:4      | Reached XP level 7. HP: 50/55 MP: 5/7
  3443 | D:4      | Reached skill level 5 in Fighting
  3462 | D:4      | Noticed Blork the orc
  3490 | D:5      | Entered Level 5 of the Dungeon
  3546 | D:5      | Reached * piety under Yredelemnul
  3603 | D:5      | Noticed Sigmund
  3621 | D:5      | Identified a scroll of acquirement
  3621 | D:5      | Acquired 838 gold pieces
  3666 | D:6      | Reached skill level 8 in Polearms
  4000 | D:6      | Found Deagev's Antique Weapon Shoppe.
  4052 | D:6      | Reached XP level 8. HP: 64/64 MP: 8/8
  4394 | D:6      | Reached ** piety under Yredelemnul
  4463 | D:6      | Reached skill level 9 in Polearms
  5468 | D:4      | Killed Blork the orc
  5784 | D:5      | Reached skill level 10 in Polearms
  5898 | D:5      | Reached XP level 9. HP: 50/72 MP: 9/9
  6023 | D:5      | Found a glowing silver altar of Zin.
  6205 | D:5      | Killed Sigmund
  6516 | D:7      | Reached skill level 10 in Dodging
  6525 | D:7      | Reached skill level 11 in Polearms
  6804 | D:7      | Noticed a manticore
  6820 | D:7      | Killed a manticore
  7128 | D:7      | Reached skill level 12 in Polearms
  7128 | D:7      | Reached XP level 10. HP: 47/83 MP: 6/10
  7567 | D:7      | Found a runed translucent door.
  7568 | D:7      | Noticed Crazy Yiuf
  7574 | D:7      | Killed Crazy Yiuf
  7927 | D:9      | Found a flagged portal.
  7947 | Bailey   | Entered a bailey
  8346 | Bailey   | Reached skill level 13 in Polearms
  8468 | Bailey   | Noticed an orc knight
  8516 | Bailey   | Slain by an orc knight

Illustrated notes

Levels and vault maps discovered:
D:1:      eino_arrival_water_star, layout_loops_corners,
          hellmonk_ecumenical_altar_crossroads, minmay_tetromino_o4
D:2:      layout_basic
D:3:      layout_loops_ring, gammafunk_ghost_stat_death, minmay_fountain_box,
          minmay_stone_trees_medium
D:4:      layout_loops_ring, minmay_temple_entry_trees,
          kennysheep_generic_room_16, uniq_blork_the_orc
D:5:      layout_basic, general_overflow_altar, uniq_sigmund
D:6:      layout_gridville, serial_shops, nicolae_shop_hallway_plus
D:7:      cheibrodos_fzero, layout_rooms, uniq_crazy_yiuf_cottage
D:8:      layout_basic, grunt_ministairs_2
D:9:      layout_stronghold, lair_entry_dummy, enter_bailey_5,
          chequers_serial_rivers_large_b, minmay_pinched_square, uniq_harold
Temple:   compressed_dpeg_circular_temple
Bailey:   bailey_axe_minmay_hex_keep, bailey

Skill      XL: |  1  2  3  4  5  6  7  8  9 10 |
---------------+-------------------------------+-----
Polearms       | 5 6 7 8 10 12 13 | 13.0
Fighting       | 3 4 6 7 9 |  9.8
Dodging        | 5 6 7 9 11 12 | 12.0
Throwing       | |  2.0

Action                   |  1- 3 |  4- 6 |  7- 9 | 10-12 || total
-------------------------+-------+-------+-------+-------++-------
Melee: Trident           |   133 |   186 |   188 |       ||   507
       Punch             |     2 |     3 |     4 |       ||     9
       Halberd           |       |       |   136 |   145 ||   281
Throw: Throwing net      |       |     2 |     1 |       ||     3
       Dart              |       |       |     6 |     2 ||     8
Invok: Recall Undead Har |       |       |     1 |       ||     1
  Use: Scroll            |       |     6 |     1 |     4 ||    11
       Potion            |       |       |     3 |       ||     3
 Stab: Sleeping          |     1 |     1 |       |       ||     2
       Held in net/web   |       |     1 |       |       ||     1
       Distracted        |       |       |     5 |     1 ||     6
Armor: Leather armour    |    35 |    34 |    37 |       ||   106
       Ring mail         |       |       |    27 |    13 ||    40
Dodge: Dodged            |    93 |   110 |   218 |   101 ||   522

Table legend: (Time is in decaauts)
 A = Elapsed time spent in this place.
 B = Non-inter-level travel time spent in this place.
 C = Inter-level travel time spent in this place.
 D = Time resting spent in this place.
 E = Time spent auto-exploring this place.
 F = Levels seen in this place.
 G = Mean time per level.
                   A        B        C        D        E       F      G
               +--------+--------+--------+--------+--------+-----+--------+
         Total |   8470 |   8181 |    289 |    576 |   5934 |  11 |  770.0 |
       Dungeon |   7892 |   7609 |    283 |    576 |   5509 |   9 |  876.9 |
        Temple |     22 |     16 |      6 |      0 |      2 |   1 |   22.0 |
        Bailey |    555 |    555 |      0 |      0 |    423 |   1 |  555.0 |
               +--------+--------+--------+--------+--------+-----+--------+

Top non-repeatable levels by time:
     D:6: 1944 daAuts
     D:1: 1180 daAuts
     D:3: 1091 daAuts
     D:4: 984 daAuts
     D:7: 942 daAuts
     D:5: 820 daAuts
     D:2: 740 daAuts
  Bailey: 555 daAuts
     D:9: 137 daAuts
     D:8: 49 daAuts
  Temple: 22 daAuts
